 Dungeon Crawl Stone Soup version 0.32-a0-918-g0f22ef8d61 (webtiles) character file.

Game seed: 3679865722062008811

199 smashvw the Cudgeller (level 5, -3/53 HPs)
             Began as a Troll Gladiator on Apr 11, 2024.
             Killed by divine providence
             ... invoked by an orc priest
              (13 damage)
             ... on level 3 of the Dungeon.
             The game lasted 00:04:21 (1898 turns).

smashvw the Cudgeller (Troll Gladiator)             Turns: 1898, Time: 00:04:21

Health: -3/53      AC:  4    Str: 22    XL:     5   Next: 48%
Magic:  4/4        EV:  9    Int:  6    God:
Gold:   139        SH:  0    Dex: 11    Spells: 4/4 levels left

rFire   . . .        a - +0 flail
rCold   . . .        (no shield)
rNeg    . . .        b - +0 robe
rPois   .            c - +0 hat
rElec   .            (no cloak)
rCorr   .            (gloves unavailable)
SInv    .            (boots unavailable)
Will    .....        (no amulet)
Stlth   +            (no ring)
HPRegen 1.08/turn    (no ring)
MPRegen 0.09/turn

%: no passive effects
@: no status effects
A: large, unfitting armour, claws 3, regeneration 1, shaggy fur 1, tough skin 1
a: Convert to Beogh


You were on level 3 of the Dungeon.
You visited 1 branch of the dungeon, and saw 3 of its levels.

You collected 139 gold pieces.

Inventory:

Hand Weapons
 a - a +0 flail (weapon)
Missiles
 d - 4 throwing nets (quivered)
 e - a large rock
Armour
 b - a +0 robe (worn)
 c - a +0 hat (worn)
Scrolls
 f - 2 scrolls of teleportation {unknown}
 g - a scroll of amnesia {unknown}
 h - a scroll of vulnerability {unknown}
 j - 2 scrolls of enchant armour {unknown}
 k - a scroll of revelation {unknown}
 m - a scroll of brand weapon {unknown}
 o - 4 scrolls of identify {unknown}
 p - a scroll of immolation {unknown}
 r - a scroll of torment {unknown}
Potions
 i - 2 potions of might {unknown}
 l - 3 potions of degeneration {unknown}
 n - a potion of magic {unknown}
 q - a potion of curing {unknown}
 s - a potion of berserk rage {unknown}
 t - a potion of haste {unknown}


   Skills:
 + Level 3.0 Fighting
 + Level 3.9 Maces & Flails
 + Level 3.3 Throwing
 - Level 2.4 Dodging


You had 4 spell levels left.
You didn't know any spells.
Your spell library contained the following spells:

 Spells                   Type           Power      Damage    Failure   Level
 Sting                    Conj/Alch      0%         1d3       45%         1
 Mercury Vapours          Alch/Air       0%         N/A       58%         2
 Leda's Liquefaction      Alch/Erth      0%         N/A       99%         4
 Olgreb's Toxic Radiance  Alch           0%         N/A       99%         4
 Petrify                  Alch/Erth      0%         N/A       99%         4
 Lee's Rapid Deconstruct  Erth           0%         3d4*      100%        5
 Metabolic Englaciation   Hex/Ice        0%         N/A       100%        5
 Permafrost Eruption      Ice/Erth       0%         2x4d1     100%        6


Dungeon Overview and Level Annotations

Branches:
Dungeon (3/15)

Altars:


Innate Abilities, Weirdness & Mutations

You are too large for most types of armour.
You have claws for hands.
Your natural rate of healing is unusually fast.
You are covered in fur. (AC +1)
You have tough skin. (AC +1)


Message History

You closely miss the orc priest.
The orc priest hits you with a +0 hand axe.
You barely miss the orc priest.
A bat comes into view.
The orc priest closely misses you.
You hit the orc priest.
The orc priest is moderately wounded.
The orc priest hits you with a +0 hand axe.
The orc priest mumbles some strange prayers to Beogh against you.
Beogh smites you!
The orc priest shouts, "Surrender to Beogh and we'll let you live!" (press Y on the ability menu to convert to Beogh)
You barely miss the orc priest.
The orc priest is moderately wounded.
The orc priest looks braver for a moment.
You completely miss the orc priest.
The orc priest is moderately wounded.
The orc priest hits you with a +0 hand axe.
You sock the orc priest!
The orc priest is almost dead.
The orc priest threatens, "Beogh's wrath is as vast as their mercy.
Make your choice!"
The orc priest hits you with a +0 hand axe.
You barely miss the orc priest.
The orc priest is almost dead.
The orc priest shouts, "Surrender to Beogh and we'll let you live!"
The orc priest hits you with a +0 hand axe!
You hit the orc priest but do no damage.
The orc priest is almost dead.
The orc priest shouts, "Surrender to Beogh and we'll let you live!"
The orc priest calls down the wrath of Beogh upon you.
Pain shoots through your body!
* * * LOW HITPOINT WARNING * * *
The orc priest shouts, "Beogh offers mercy even to people such as you.
Join us and be reborn!"
The orc priest hits you with a +0 hand axe.
* * * LOW HITPOINT WARNING * * *
You hit the orc priest but do no damage.
The orc priest is almost dead.
The orc priest calls down the wrath of Beogh upon you.
Beogh smites you!
You die...

####### .....#
#.....# .....##
#.....# .......
#.....# .......
#.....# o......
#.....# .....#
###.....####o....##
#.'.....'.@oo....>#
#.#.....####b.....#
#.#.....# #####..
#.####### #.# #.#
#.# #.# #.# #.#
#... #.# #.# #...


You could see an orc priest, 2 orcs and a bat.

Vanquished Creatures
  A centaur (D:3)
  3 gnolls (D:3)
  2 adders
  2 ribbon worms
  2 dart slugs
  5 orcs (D:3)
  4 ball pythons
  9 bats
  6 endoplasms
  2 giant cockroaches
  2 hobgoblins (D:2)
  2 jackals (D:1)
  8 kobolds
  2 quokkas (D:1)
  A frilled lizard (D:2)
  3 goblins
  6 rats
60 creatures vanquished.

Notes
Turn   | Place    | Note
-------+----------+-------------------------------------------
     0 | D:1      | smashvw the Troll Gladiator began the quest for the Orb.
     0 | D:1      | Reached XP level 1. HP: 19/19 MP: 0/0
   149 | D:1      | Reached XP level 2. HP: 20/28 MP: 1/1
   957 | D:2      | Reached XP level 3. HP: 34/35 MP: 2/2
  1557 | D:3      | Noticed a centaur
  1569 | D:3      | Killed a centaur
  1570 | D:3      | Reached XP level 4. HP: 10/44 MP: 3/3
  1570 | D:3      | Reached XP level 5. HP: 12/52 MP: 4/4
  1898 | D:3      | Killed from afar by an orc priest

Illustrated notes

Levels and vault maps discovered:
D:1:      mushboom_english_gardens, layout_basic
D:2:      layout_loops_ring, kennysheep_generic_room_13
D:3:      layout_basic, shapermc_ecumenical_altar_acropolis

Skill      XL: |  1  2  3  4  5 |
---------------+----------------+-----
Throwing       | 2 3 |  3.3
Maces & Flails | 3 |  3.9
Fighting       | 2 3 |  3.0
Dodging        | |  2.4

Action                     |  1- 3 |  4- 6 || total
---------------------------+-------+-------++-------
  Melee: Flail             |   155 |    74 ||   229
   Stab: Sleeping          |     3 |       ||     3
 Armour: Robe              |   150 |    62 ||   212
  Dodge: Dodged            |   100 |    44 ||   144

Table legend: (Time is in decaauts)
 A = Elapsed time spent in this place.
 B = Non-inter-level travel time spent in this place.
 C = Inter-level travel time spent in this place.
 D = Time resting spent in this place.
 E = Time spent auto-exploring this place.
 F = Levels seen in this place.
 G = Mean time per level.
                   A        B        C        D        E       F      G
               +--------+--------+--------+--------+--------+-----+--------+
         Total |   1951 |   1905 |     46 |      0 |   1389 |   3 |  650.3 |
       Dungeon |   1951 |   1905 |     46 |      0 |   1389 |   3 |  650.3 |
               +--------+--------+--------+--------+--------+-----+--------+

Top non-repeatable levels by time:
     D:1: 844 daAuts
     D:2: 647 daAuts
     D:3: 459 daAuts
